 Dungeon Crawl Stone Soup version 0.19-a0-1079-g88a7474 (webtiles) character file.

64418 mistymad the Cruncher (level 15, -7/183 HPs)
             Began as a Formicid Fighter on Aug 7, 2016.
             Was a Believer of Ru.
             Killed from afar by a white draconian monk (14 damage)
             ... with a chilling blast
             ... on level 3 of the Abyss.
             The game lasted 00:59:31 (22205 turns).

mistymad the Cruncher (Formicid Fighter)           Turns: 22205, Time: 00:59:32

Health: -7/183     AC: 27    Str: 28    XL:     15   Next: 54%
Magic:  15/15      EV:  2    Int:  9    God:    Ru [**....]
Gold:   1463       SH: 13    Dex: 14    Spells: 0 memorised, 14 levels left

rFire  . . .     SeeInvis .     z - +1 quarterstaff (freeze)
rCold  + . .     Gourm    .     (armour currently unavailable)
rNeg   + + +     Faith    .     c - +0 shield
rPois  +         Spirit   .     (helmet unavailable)
rElec  .         Dismiss  .     (cloak currently unavailable)
rCorr  .         Reflect  .     (gloves currently unavailable)
SustAt .         Harm     .     (boots currently unavailable)
MR     +....                    (no amulet)
Stlth  ..........               J - ring of protection from cold
                                n - ring of Ahis {rPois Str+2 Dex+4 Slay+5}

@: tree-form, drained
A: permanent stasis, dig shafts and tunnels, four strong arms, (antennae 0),
(icy blue scales 0), (deformed body), no stealth, no air magic, no charms magic,
no transmutations magic, disrupted magic 1
a: Renounce Religion


You were on level 3 of the Abyss.
You worshipped Ru.
Ru was pleased with you.
You were not hungry.
You were a tree.
You visited 3 branches of the dungeon, and saw 18 of its levels.
You visited the Abyss 1 time.
You also visited: Labyrinth, Sewer and Volcano.

You collected 1463 gold pieces.

Inventory:

Hand Weapons
 z - a +1 quarterstaff of freezing (weapon)
 I - the +6 scimitar of Flaming Death {sticky flame, rPois rF++ rC- MR+}
   (You found it in a labyrinth)

   It has been specially enchanted to burn those struck by it, causing extra
   injury to most foes and up to half again as much damage against particularly
   susceptible opponents.
   Big, fiery blades are also staple armaments of hydra-hunters.
   It greatly protects you from fire.
   It makes you vulnerable to cold.
   It protects you from poison.
   It affects your resistance to hostile enchantments.
Armour
 c - a +0 shield (worn)
 m - a +1 cloak (melded)
 x - a +0 ring mail of magic resistance
 B - a +0 plate armour
 E - a +1 scale mail of fire resistance (melded)
 L - the cursed +0 pair of boots "Witwecoe" (melded) {MR+ Int+3}
   (You found it on level 10 of the Dungeon)

   It affects your intelligence (+3).
   It affects your resistance to hostile enchantments.
   It has a curse placed upon it.
 P - a +2 pair of gloves (melded)
Jewellery
 l - an uncursed ring of resist corrosion
 n - the ring of Ahis (left branch) {rPois Str+2 Dex+4 Slay+5}
   (You found it on level 3 of the Lair of Beasts)

   [ring of poison resistance]

   It affects your strength (+2).
   It affects your dexterity (+4).
   It affects your accuracy and damage with ranged weapons and melee attacks
   (+5).
   It protects you from poison.
 y - an uncursed ring of fire
 J - a ring of protection from cold (right branch)
Wands
 a - a wand of digging (7/24)
 F - a wand of lightning (8/15)
 N - a wand of acid (7/15)
 V - a wand of iceblast (4/15)
Scrolls
 b - 2 scrolls of immolation
 k - 2 scrolls of fear
 s - 6 scrolls of identify
 u - 6 scrolls of remove curse
 M - 3 scrolls of enchant armour
 W - a scroll of magic mapping
Potions
 d - a potion of might
 e - 3 potions of brilliance
 g - 2 potions of agility
 h - 2 potions of lignification
 j - 5 potions of curing
 p - a potion of cancellation {unknown}
 q - a potion of flight
 r - 3 potions of resistance {unknown}
 v - 3 potions of mutation {unknown}
 w - a potion of heal wounds {unknown}
 A - a potion of cure mutation {unknown}
 D - a potion of beneficial mutation {unknown}
 K - a potion of ambrosia {unknown}
Comestibles
 f - 9 bread rations
 i - 8 meat rations
 o - 7 beef jerkies
 t - 3 fruits
 C - a chunk of flesh
 G - 2 royal jellies
 H - 2 slices of pizza


   Skills:
 + Level 12.8(12.0) Fighting
 + Level 13.4(12.5) Staves
 + Level 12.7(11.9) Armour
 + Level 10.6(9.8) Dodging
 + Level 11.3(10.5) Shields


You had 14 spell levels left.
You didn't know any spells.

Dungeon Overview and Level Annotations

Branches:
Dungeon (11/15)            Temple (1/1) D:4            Lair (6/6) D:8
  Swamp (0/4) Lair:3        Slime (0/5) Lair:6
  Snake: Lair:2-4    Spider: Lair:2-4       Orc: D:9-12

Altars:
Ashenzari
Cheibriados
Dithmenos
Elyvilon
Fedhas
Gozag
Hepliaklqana
Kikubaaqudgha
Makhleb
Nemelex Xobeh
Okawaru
Pakellas
Qazlal
Ru
Sif Muna
Trog
Uskayaw
Vehumet
Xom
Yredelemnul
Zin
The Shining One

Shops:
D:10 :

Portals:
Hell: Lair:6

Annotations:
Lair:1 exclusion: oklob plant
Lair:4 Rupert


Innate Abilities, Weirdness & Mutations

You are under a permanent stasis effect.
You can dig through walls and to a lower floor.
Your four strong arms can wield two-handed weapons with a shield.
((You have a pair of large antennae on your head. (SInv)))
You cannot be stealthy.
You cannot study or cast Air magic.
You cannot study or cast Charms magic.
You cannot study or cast Transmutations magic.
Your casting is slightly disrupted.
((You are partially covered in icy blue scales. (AC +2)))
((Armour fits poorly on your strangely shaped body.))


Message History

You take 17 damage, and have 10/122 hp.
You feel better.
The white draconian monk breathes frost at you.
The chilling blast misses you. The white draconian monk hits you!
* * * LOW HITPOINT WARNING * * *
The white draconian monk kicks you but does no damage.
You block the white draconian monk's attack.
You take 6 damage, and have 4/122 hp.
You turn into a tree.
Your +1 cloak melds into your body.
Your +2 pair of gloves melds into your body.
The cursed +0 pair of boots "Witwecoe" {MR+ Int+3} melds into your body.
Your +1 scale mail of fire resistance melds into your body.
You feel less resistant to fire.
Your roots penetrate the ground.
You block the white draconian monk's attack.
The white draconian monk kicks you but does no damage.
You block the white draconian monk's attack.
The white draconian monk breathes frost at you.
Helpless, you fail to dodge the chilling blast.
You resist.
You die...

# #.# ... . ##+
# . #.# #.# . .#
. #R###.# ##. .
## ##...#.# ...
... ###
#....#.## .
.......
....##.....).).§
##) #....q..#)#
.... ...
#...q♣÷...###.
... . .
#.##.#.#### ##
..# #.#.# . #
.## #.### # # ##
#. ## # # .. .
#. ... #. ## ..


You could see 2 draconians and a rakshasa.

Vanquished Creatures
  A tentacled starspawn (Abyss:3)
  Gastronok (Lair:2)
  A dire elephant (Lair:6)
  A minotaur (Lab)
  Erolcha (D:10)
  Fannar (Lair:2)
  4 hydras (Lair:6)
  2 dancing weapons (Abyss:3)
  6 death yaks (Lair:6)
  A sun demon (Lair:6)
  A fire crab (Lair:6)
  A wizard (Lair:6)
  An orc sorcerer (Volcano)
  7 elephants (Lair:6)
  An apocalypse crab (Abyss:3)
  2 molten gargoyles (Volcano)
  4 black mambas
  A smoke demon (Lair:6)
  2 orange demons (Lair:6)
  10 spiny frogs
  6 komodo dragons
  A rime drake (Lair:6)
  A hellwing (Lair:6)
  3 ice devils (Lair:6)
  3 red devils (Lair:6)
  4 raiju (Abyss:3)
  11 blink frogs
  2 boulder beetles (Lair:6)
  A flying skull (Abyss:3)
  A fire bat (Volcano)
  38 yaks
  A wyvern (D:9)
  Grum (D:10)
  6 basilisks
  A human (D:7)
  4 vampire mosquitoes (D:10)
  3 hungry ghosts
  7 hippogriffs
  A chaos spawn (Abyss:3)
  A steam dragon (Lair:5)
  10 water moccasins
  Edmund (D:6)
  2 hell hounds (D:8)
  4 porcupines
  9 sky beasts
  6 orc warriors
  3 ice beasts
  A black bear (D:7)
  A phantom (D:7)
  An eye of draining (D:10)
  9 wolves
  2 ogres
  7 crocodiles
  5 centaurs
  8 giant frogs
  2 wyvern skeletons
  A water moccasin skeleton (D:9)
  4 scorpions
  7 wights
  3 howler monkeys (D:7)
  7 crimson imps
  2 centaur zombies
  7 hounds
  2 giant frog skeletons
  4 jellies
  An orc priest (D:9)
  6 orc wizards
  11 iguanas
  Natasha (thrice) (D:4)
  7 worker ants
  9 sheep
  A hound zombie (D:9)
  2 hound skeletons
  A worker ant zombie (D:10)
  3 gnolls (D:9)
  15 adders
  65 river rats
  2 shadow imps (D:7)
  11 oozes
  An adder skeleton (D:6)
  3 worms
  2 dart slugs
  17 giant geckos
  15 orcs
  22 ball pythons
  19 giant cockroaches
  15 goblins
  7 hobgoblins
  15 jackals
  11 kobolds
  3 quokkas
  7 bats
  2 giant gecko skeletons
  11 giant newts
  A quokka skeleton (D:3)
  10 rats
  A plant (Lair:6)
552 creatures vanquished.

Vanquished Creatures (others)
  A hydra (Lair:1)
  A black mamba (Lair:2)
  An orange demon (Lair:6)
  A komodo dragon (Lair:6)
  A boulder beetle (Lair:6)
  A hippogriff (D:10)
  A wight (Abyss:3)
  A sheep (Lair:6)
  11 fungi
  3 plants (Lair:6)
  4 starspawn tentacles (Abyss:3)
  3 starspawn tentacle segments (Abyss:3)
29 creatures vanquished.

Grand Total: 581 creatures vanquished

Notes
Turn   | Place    | Note
-------+----------+-------------------------------------------
     0 | D:1      | mistymad the Formicid Fighter began the quest for the Orb.
     0 | D:1      | Reached XP level 1. HP: 18/18 MP: 1/1
   100 | D:1      | Reached XP level 2. HP: 24/24 MP: 2/2
   451 | D:1      | Reached XP level 3. HP: 28/29 MP: 3/3
  1100 | D:2      | Found a glowing silver altar of Zin.
  1100 | D:2      | Found a deep blue altar of Sif Muna.
  1131 | D:2      | Reached XP level 4. HP: 37/37 MP: 4/4
  1360 | D:2      | Found a hide-covered altar of Uskayaw.
  1751 | D:3      | You fall through a shaft!
  1828 | D:4      | Found a glowing drain.
  1835 | D:4      | Reached XP level 5. HP: 42/42 MP: 5/5
  1854 | Sewer    | Entered a sewer
  2041 | Sewer    | Reached skill level 5 in Shields
  2107 | Sewer    | Reached skill level 3 in Staves
  2371 | Sewer    | Reached XP level 6. HP: 38/48 MP: 6/6
  2812 | Sewer    | Reached skill level 1 in Dodging
  2932 | D:4      | Noticed Natasha
  2940 | D:4      | Killed Natasha
  3006 | D:4      | Reached XP level 7. HP: 52/55 MP: 7/7
  3103 | D:4      | Noticed Natasha
  3109 | D:4      | Killed Natasha
  3275 | D:4      | Reached skill level 5 in Fighting
  3275 | D:4      | Reached skill level 5 in Armour
  3406 | D:4      | Noticed Natasha
  3412 | D:4      | Killed Natasha
  3412 | D:4      | Reached skill level 4 in Staves
  3452 | D:4      | Gained mutation: You are partially covered in icy blue scales. (AC +2) [mutagenic meat]
  3492 | D:4      | Reached XP level 8. HP: 46/62 MP: 8/8
  3768 | D:3      | Found a burning altar of Makhleb.
  3873 | D:3      | Found a bloodstained altar of Trog.
  4247 | D:4      | Found a staircase to the Ecumenical Temple.
  4310 | Temple   | Entered the Ecumenical Temple
  4506 | Temple   | Became a worshipper of Ru the Awakened
  5092 | D:5      | Entered Level 5 of the Dungeon
  5493 | D:5      | Found an iron altar of Okawaru.
  5612 | D:5      | Reached skill level 5 in Staves
  5620 | D:5      | Found a shimmering altar of Xom.
  5696 | D:5      | Reached XP level 9. HP: 16/69 MP: 9/9
  6226 | D:6      | Noticed Edmund
  6268 | D:6      | Killed Edmund
  6458 | D:6      | Found an oddly glowing altar of Pakellas.
  6640 | D:6      | Gained mutation: Your casting is slightly disrupted. [Ru sacrifice]
  7079 | D:7      | Reached skill level 6 in Staves
  7144 | D:7      | Gained mutation: Armour fits poorly on your strangely shaped body. [mutagenic meat]
  7298 | D:7      | Found a hazy altar of Hepliaklqana.
  7317 | D:7      | Reached XP level 10. HP: 73/79 MP: 10/10
  7696 | D:7      | Reached skill level 5 in Dodging
  8466 | D:8      | Found a staircase to the Lair.
  9508 | D:9      | Gained mutation: You cannot study or cast Air magic. [Ru sacrifice]
  9508 | D:9      | Gained mutation: You cannot study or cast Transmutations magic. [Ru sacrifice]
  9508 | D:9      | Gained mutation: You cannot study or cast Charms magic. [Ru sacrifice]
  9508 | D:9      | Reached * piety under Ru
  9576 | D:9      | Reached skill level 7 in Staves
 10190 | D:9      | Found a white marble altar of Elyvilon.
 10343 | D:10     | Entered Level 10 of the Dungeon
 10382 | D:10     | Found Loadghorgh's Book Emporium.
 10452 | D:10     | Got a pair of warped boots
 10458 | D:10     | Identified the cursed +0 pair of boots "Witwecoe" {MR+ Int+3} (You found it on level 10 of the Dungeon)
 10476 | D:10     | Noticed Sonja
 10479 | D:10     | Noticed Sonja
 10479 | D:10     | Sonja changed into Sonja the sky beast
 10490 | D:10     | Killed Sonja the sky beast
 10645 | D:10     | Reached XP level 11. HP: 82/87 MP: 11/11
 10836 | D:10     | Noticed Grum
 10855 | D:10     | Killed Grum
 11330 | D:10     | Noticed Erolcha
 11344 | D:10     | Killed Erolcha
 11552 | D:10     | Reached skill level 8 in Staves
 12054 | Lair:1   | Entered Level 1 of the Lair of Beasts
 12329 | Lair:1   | Found a dark tunnel.
 12338 | Volcano  | Entered a volcano
 12543 | Volcano  | Found a radiant altar of Vehumet.
 12543 | Volcano  | Noticed an orc sorcerer
 12553 | Volcano  | Killed an orc sorcerer
 13366 | Lair:1   | Reached XP level 12. HP: 61/97 MP: 12/12
 13434 | Lair:1   | Reached skill level 10 in Fighting
 13975 | Lair:1   | Reached skill level 9 in Staves
 13975 | Lair:1   | Reached skill level 10 in Armour
 14264 | Lair:1   | You fall through a shaft!
 14854 | Lair:2   | Noticed Fannar
 14886 | Lair:2   | Killed Fannar
 15284 | Lair:1   | Noticed an eight-headed hydra
 15293 | Lair:1   | Killed an eight-headed hydra
 15842 | Lair:2   | Noticed Gastronok
 16412 | Lair:2   | Killed Gastronok
 16412 | Lair:2   | Reached XP level 13. HP: 73/106 MP: 13/13
 16765 | Lair:3   | Reached skill level 10 in Staves
 16782 | Lair:3   | Found a staircase to the Swamp.
 16897 | Lair:3   | Got an ancient lead ring
 16899 | Lair:3   | Identified the ring of Ahis {rPois Str+2 Dex+4 Slay+5} (You found it on level 3 of the Lair of Beasts)
 16951 | Lair:3   | Found a labyrinth entrance.
 17010 | Lab      | Entered a labyrinth
 17447 | Lab      | Noticed a minotaur
 17460 | Lab      | Killed a minotaur
 17494 | Lair:3   | Identified a +5 rod of shadows (11/11) (You found it in a labyrinth)
 17497 | Lair:3   | Identified a +4 rod of clouds (11/11) (You found it in a labyrinth)
 18321 | Lair:4   | Noticed Rupert
 18353 | Lair:5   | Gained mutation: You cannot be stealthy. [Ru sacrifice]
 18353 | Lair:5   | Reached ** piety under Ru
 18626 | Lair:5   | Reached skill level 12 in Staves
 18626 | Lair:5   | Reached XP level 14. HP: 113/113 MP: 14/14
 19154 | Lair:6   | Entered Level 6 of the Lair of Beasts
 19198 | Lair:6   | Found a staircase to the Slime Pits.
 19744 | Lair:6   | Reached skill level 10 in Shields
 20032 | Lair:6   | Reached skill level 10 in Dodging
 20245 | Lair:6   | Noticed a dire elephant
 20270 | Lair:6   | Killed a dire elephant
 20552 | Lair:6   | Reached XP level 15. HP: 115/122 MP: 15/15
 20629 | Lair:6   | Reached skill level 13 in Staves
 20664 | Lair:6   | Found a burning altar of Makhleb.
 21058 | Lair:6   | Found a gateway to Hell.
 22055 | Lair:4   | Cast into level 3 of the Abyss (Rupert)
 22069 | Abyss:3  | Noticed a tentacled starspawn
 22083 | Abyss:3  | Killed a tentacled starspawn
 22201 | Abyss:3  | Noticed a white draconian monk
 22204 | Abyss:3  | HP: 4/122 [white draconian monk (14)]
 22205 | Abyss:3  | Killed from afar by a white draconian monk

Vault maps used:
D:1:      saegor_arrival_simple_e, minmay_misc_feat_columns,
          wad_floor_pattern_untrapped, minmay_misc_feat_diagonals,
          roderic_lattice_a
D:2:      marbit_many_paths, nicolae_overflow_hidden_temple, first_bread
D:3:      makhleb_blood_cavern_becter, overflow_temple_1_default
D:4:      gup_sewer_entry_pipe, uniq_natasha
D:5:      lemuel_coloured_pillars_altar, okawaru_metal_pillars_1_2
D:6:      grunt_pakellas_basics, uniq_edmund
D:7:      black_bear_nest_2, lemuel_doored_altar, grunt_livestock
D:8:      minmay_lair_entry_lava, minmay_stone_trees_small, patterned_corridor
D:9:      elyvilon_altar_1, basic_loot_grate_trap
D:10:     serial_shops, nicolae_shop_crystal, grunt_decor_arrowhead,
          serial_park_tiny_1, uniq_grum, uniq_erolcha, uniq_sonja
D:11:     david_orc_1_choice, serial_glass, glass_columns_c, glass_columns_a,
          minmay_misc_feat_hallway, tgw_sif, uniq_snorg, uniq_urug
Temple:   eino_narrow_crystal_temple
Lair:1:   enter_volcano_1, lemuel_oklob_altar, lemuel_fruit_fields
Lair:2:   uniq_gastronok, uniq_fannar
Lair:3:   swamp_mist_pool, lab_entry_generic
Lair:4:   spider_nest_entry_web_field, uniq_rupert
Lair:6:   evil_forest, slime_dummy, bh_autumn_forest_stairs
Abyss:3:  evilmike_abyss_rune_tso_outpost, eino_small_chamber_without_monster
Lab:      nicolae_lab_swirl
Sewer:    sewer_frog_island_02
Volcano:  volcano_lake

Skill      XL: |  1  2  3  4  5  6  7  8  9 10 11 12 13 14 15 |
---------------+----------------------------------------------+-----
Shields        | 4 5 6 7 8 9 10 11 | 11.3
Fighting       | 4 5 6 7 8 9 11 12 | 12.8
Armour         | 4 5 6 7 8 9 10 11 12 | 12.7
Staves         | 3 4 5 6 7 8 9 12 13 | 13.4
Dodging        | 1 2 3 4 6 7 8 9 10 | 10.6

Action                   |  1- 3 |  4- 6 |  7- 9 | 10-12 | 13-15 || total
-------------------------+-------+-------+-------+-------+-------++-------
Melee: Quarterstaff      |    95 |   310 |   536 |  1259 |   748 ||  2948
       Scimitar          |       |       |       |       |    13 ||    13
Invok: Sacrifice Essence |       |       |     1 |       |       ||     1
       Sacrifice Arcana  |       |       |       |     1 |       ||     1
       Reject Sacrifices |       |       |       |     1 |     1 ||     2
       Sacrifice Stealth |       |       |       |       |     1 ||     1
 Abil: Dig               |     2 |     1 |     3 |    14 |     3 ||    23
Evoke: Wand              |       |       |       |     3 |       ||     3
       Rod               |       |       |       |       |     3 ||     3
  Use: Scroll            |       |     3 |     3 |    15 |     2 ||    23
       Potion            |       |       |       |       |     6 ||     6
 Stab: Distracted        |       |       |       |     1 |     3 ||     4
       Invisible         |       |       |       |       |     3 ||     3
  Eat: Chunk             |     1 |     7 |    15 |    37 |    15 ||    75
       Pizza             |       |       |     1 |     3 |     4 ||     8
Armor: Scale mail        |    26 |   205 |    88 |    94 |   107 ||   520
       Ring mail         |       |       |    34 |       |       ||    34
       Plate armour      |       |       |    56 |   265 |       ||   321
       Skin              |       |       |       |       |     7 ||     7
Dodge: Dodged            |    37 |   156 |   205 |   358 |   213 ||   969
Block: Shield            |    32 |   248 |   288 |   633 |   314 ||  1515
